AoeStats
← Sir. | John Lemon

Arena

509947988Analyzed
1v1 RM · 2d ago on Sep 28, 2026· 31m 57s· 2 players
Game mode
Random Map
Map size
Tiny (2 player)
Population
200
Speed
Normal
Resources
Standard
Victory
Conquest
Starting age
Dark Age
Ending age
Imperial Age
RankedLock teamsTeams togetherTeam positionsShared explorationLock speedFull tech treeHidden civsTurbo modeCheats
Victory
Defeat
🇧🇷 Turks · Brazil
917
+15
🇳🇱 Bohemians · Netherlands
899
-15
Sir. | John Lemon
3:51 Loom
11:39 Feudal Age
12:42 Double-Bit Axe
14:02 Horse Collar
17:14 Castle Age
18:01 Wheelbarrow
21:18 Chemistry
21:44 Bow Saw
22:06 Fletching
25:45 Imperial Age
23:13 Pikeman
24:45 Town Watch
25:15 Hand Cart
26:14 Heavy Plow
27:03 Forging
26:49 Bodkin Arrow
27:21 Squires
27:16 Crossbowman
30:12 Bracer
ycetra
13:07 Feudal Age
17:41 Castle Age
18:46 Gold Mining
18:43 Double-Bit Axe
22:09 Imperial Age
21:44 Fervor
29:32 Padded Archer Armor
Connection lost

Rejoining the realm…

Still unreachable

The connection could not be restored.

Session expired

The server has moved on; the page needs a fresh start.